 Dungeon Crawl Stone Soup version 0.26.1-11-gd32895ea62 (webtiles) character file.

Game seed: 1285502906850427104

92 kodamatunes15 the Sneak (level 4, -1/31 HPs)
             Began as a Vampire Enchanter on May 1, 2021.
             Slain by Sigmund
             ... wielding a +0 scythe
              (9 damage)
             ... on level 3 of the Dungeon.
             The game lasted 00:18:47 (2561 turns).

kodamatunes15 the Sneak (Vampire Enchanter)         Turns: 2561, Time: 00:18:47

Health: -1/31      AC:  7    Str:  7    XL:     4   Next: 35%
Magic:  7/7        EV:  8    Int: 17    God:
Gold:   103        SH:  0    Dex: 15    Spells: 6/7 levels left

rFire    . . .     SeeInvis +   a - +1 dagger
rCold    . . .     Faith    .   (no shield)
rNeg     + . .     Spirit   .   i - +0 scale mail
rPois    .         Reflect  .   (no helmet)
rElec    .         Harm     .   (no cloak)
rCorr    .         Rampage  .   (no gloves)
Will     .....                  l - +0 pair of boots
Stlth    ++........             (no amulet)
HPRegen  0.30/turn              f - ring of positive energy
MPRegen  0.10/turn              (no ring)

@: regenerating quickly
A: fangs 3, see invisible, unbreathing
a: Exsanguinate


You were on level 3 of the Dungeon.
You visited 1 branch of the dungeon, and saw 3 of its levels.

You collected 103 gold pieces.

Inventory:

Hand Weapons
 a - a +1 dagger (weapon)
 d - a +0 club
 e - a +0 short sword
 p - a +1 mace of holy wrath
Missiles
 j - 15 arrows
 k - 28 stones
 n - 23 bolts
Armour
 b - a +0 robe
 i - a +0 scale mail (worn)
 l - a +0 pair of boots (worn)
Jewellery
 f - a ring of positive energy (left hand)
 r - a +4 ring of evasion {unknown}
Scrolls
 g - 2 scrolls of teleportation
 h - 4 scrolls of identify
Potions
 c - a potion of attraction
 m - a potion of resistance {unknown}
 o - a potion of heal wounds {unknown}
 q - a potion of cancellation {unknown}
 s - a potion of might {unknown}
 t - 2 potions of haste {unknown}
 u - a potion of curing {unknown}


   Skills:
 + Level 0.9 Fighting
 + Level 2.3 Short Blades
 + Level 0.5 Armour
 + Level 2.6 Dodging
 + Level 5.5 Stealth
 + Level 2.2 Spellcasting
 + Level 5.1 Hexes


You had 6 spell levels left.
You knew the following spells:

 Your Spells              Type           Power        Failure   Level
a - Corona                Hex            21%          30%         1

Your spell library contained the following spells:

 Spells                   Type           Power        Failure   Level
 Confusing Touch          Hex            19%          65%         3
 Tukima's Dance           Hex            19%          65%         3
 Ensorcelled Hibernation  Hex/Ice        20%          78%         2
 Dazzling Flash           Conj/Hex       20%          95%         3


Dungeon Overview and Level Annotations

Branches:
Dungeon (3/15)

Altars:
Uskayaw

Annotations:
D:3 Sigmund


Innate Abilities, Weirdness & Mutations

Your natural rate of healing is unusually fast.
You have razor-sharp teeth.
You have supernaturally acute eyesight. (SInv)
You can survive without breathing.


Message History

You barely miss Sigmund.
Sigmund is severely wounded.
Sigmund hits you with a +0 scythe!
You hit Sigmund but do no damage.
Sigmund is severely wounded.
You barely miss Sigmund.
Sigmund is severely wounded.
Sigmund points at you and mumbles some strange words.
The puff of flame hits you.
You hit Sigmund but do no damage.
Sigmund is severely wounded.
Sigmund hits you with a +0 scythe!
* * * LOW HITPOINT WARNING * * *
You barely miss Sigmund.
Sigmund is severely wounded.
You hit Sigmund but do no damage. Your bite misses Sigmund.
Sigmund is severely wounded.
Sigmund screams, "You will never...
NEVER!!!"
Sigmund hits you with a +0 scythe!
You die...

...# ...# #..#
#..# #..# #..#
#.@#######
#.@....^..
######.#######.
#............#
#.##.#######.#
#. #.# # #.#
#.. #. #.# #.#
.### #.# #.#
..# #.#


You could see Sigmund (invisible).

Vanquished Creatures
  4 adders
  A dart slug (D:3)
  2 leopard geckos (D:1)
  6 orcs (D:3)
  3 giant cockroaches
  7 goblins
  4 hobgoblins
  7 bats
  6 frilled lizards
  3 kobolds
  4 rats
47 creatures vanquished.

Vanquished Creatures (others)
  5 plants (D:1)
5 creatures vanquished.

Grand Total: 52 creatures vanquished

Notes
Turn   | Place    | Note
-------+----------+-------------------------------------------
     0 | D:1      | kodamatunes15 the Vampire Enchanter began the quest for the
                  | Orb.
     0 | D:1      | Reached XP level 1. HP: 13/13 MP: 3/3
   377 | D:1      | Reached XP level 2. HP: 19/19 MP: 5/5
   488 | D:1      | Reached skill level 5 in Hexes
   668 | D:1      | Reached skill level 5 in Stealth
  1283 | D:2      | Reached XP level 3. HP: 6/24 MP: 6/6
  2241 | D:3      | Reached XP level 4. HP: 31/31 MP: 7/7
  2317 | D:3      | Found a hide-covered altar of Uskayaw.
  2550 | D:3      | Noticed Sigmund
  2561 | D:3      | Slain by Sigmund

Illustrated notes

Levels and vault maps discovered:
D:1:      roderic_crop_circles_arrival_large, layout_loops_ring,
          chequers_avenue, minmay_misc_feat_alley
D:2:      layout_basic, minivault_11
D:3:      layout_loops_ring, lemuel_round_altar, old_standard_altar,
          uniq_sigmund, uniq_terence

Skill      XL: |  1  2  3 |
---------------+----------+-----
Hexes          | 5 |  5.1
Stealth        | 5 |  5.5
Short Blades   | 2 |  2.3
Fighting       | |  0.9
Armour         | |  0.5
Dodging        | |  2.6
Spellcasting   | |  2.2

Action                   |  1- 3 |  4- 6 || total
-------------------------+-------+-------++-------
Melee: Dagger            |   136 |    82 ||   218
       Bite              |    13 |     6 ||    19
  Use: Scroll            |     5 |       ||     5
 Stab: Sleeping          |     9 |     1 ||    10
Armor: Robe              |    16 |       ||    16
       Scale mail        |    16 |    24 ||    40
Dodge: Dodged            |    70 |    20 ||    90
